 Dungeon Crawl Stone Soup version 0.30-a0-358-g0d69a1922f (webtiles) character file.

Game seed: 10905343753685277316

105 hikkokomori the Digger (level 4, -1/24 HPs)
             Began as a Gargoyle Earth Elementalist on Nov 11, 2022.
             Slain by a gnoll
             ... wielding a +0 spear
              (6 damage)
             ... on level 2 of the Dungeon.
             The game lasted 00:02:56 (1633 turns).

hikkokomori the Digger (GrEE)                       Turns: 1633, Time: 00:02:57

Health: -1/24      AC:  6    Str: 11    XL:     4   Next: 81%
Magic:  0/8        EV: 11    Int: 18    God:
Gold:   35         SH:  0    Dex: 10    Spells: 4/8 levels left

rFire   . . .      SeeInvis .    l - +0 sling
rCold   . . .      Faith    .    (no shield)
rNeg    + . .      Spirit   .    a - +0 robe
rPois   ∞          Reflect  .    m - +1 hat
rElec   +          Harm     .    (no cloak)
rCorr   .          Rampage  .    (no gloves)
Will    .....                    (no boots)
Stlth   ++........               (no amulet)
HPRegen 0.24/turn                (no ring)
MPRegen 0.11/turn                (no ring)

@: no status effects
A: sickness immunity, AC +3, negative energy resistance 1, electricity
resistance, torment resistance 1, petrification resistance
a: no special abilities


You were on level 2 of the Dungeon.
You visited 1 branch of the dungeon, and saw 2 of its levels.

You collected 35 gold pieces.

Inventory:

Hand Weapons
 j - a +0 club
 l - a +0 sling (weapon)
Missiles
 i - a throwing net
Armour
 a - a +0 robe (worn)
 m - a +1 hat (worn)
Scrolls
 c - 3 scrolls of teleportation {unknown}
 d - 2 scrolls of fog {unknown}
 g - 4 scrolls of enchant armour {unknown}
 h - a scroll of identify {unknown}
Potions
 b - a potion of magic
 e - 2 potions of resistance {unknown}
 f - a potion of degeneration {unknown}
 k - a potion of flight {unknown}
 n - a potion of heal wounds {unknown}
 o - a potion of invisibility {unknown}


   Skills:
 - Level 1.5 Dodging
 + Level 3.4 Stealth
 + Level 2.8 Spellcasting
 + Level 0.8 Conjurations
 - Level 0.7 Transmutations
 + Level 5.0 Earth Magic


You had 4 spell levels left.
You knew the following spells:

 Your Spells              Type           Power      Damage    Failure   Level
a - Sandblast             Erth           40%        2d10      1%          1
b - Stone Arrow           Conj/Erth      26%        3d8       14%         3

Your spell library contained the following spells:

 Spells                   Type           Power      Damage    Failure   Level
 Passwall                 Tmut/Erth      10%        N/A       8%          2
 Apportation              Tloc           4%         N/A       17%         1
 Petrify                  Tmut/Erth      12%        N/A       45%         4
 Alistair's Intoxication  Tmut/Pois      2%         N/A       99%         5


Dungeon Overview and Level Annotations

Branches:
Dungeon (2/15)

Altars:

Shops:
D:1 *   D:2 :


Innate Abilities, Weirdness & Mutations

You are immune to sickness and miasma.
Your stone body is resilient. (AC +3)
You are immune to poison.
You resist negative energy. (rN+)
You are resistant to electric shocks. (rElec)
You are resistant to unholy torment.
You are immune to petrification.


Message History

The gnoll misses you. The gnoll hits you but does no damage.
The blast of sand hits the gnoll but does no damage.
The gnoll is heavily wounded.
The gnoll hits you with a +0 whip.
The gnoll hits you from afar with a +0 spear.
Casting: Sandblast (safe; 1% risk of failure)
Confirm with . or Enter, or press ? or * to list all spells.
Aiming: Sandblast (safe; 1% risk of failure)
Press: ? - help, Shift-Dir - straight line, f/p - gnoll
Aim: a gnoll, wielding a +0 whip and wearing a +0 scale mail (heavily wounded, 87% to hit)
The blast of sand hits the gnoll but does no damage.
The gnoll is heavily wounded.
The gnoll hits you but does no damage. x2; The gnoll barely misses you.
The gnoll hits you from afar with a +0 spear!
The gnoll attacks as you move away! The gnoll hits you with a +0 whip.
The gnoll attacks as you move away! The gnoll closely misses you.
The gnoll attacks as you move away! The gnoll hits you but does no damage.
The gnoll attacks as you move away! The gnoll hits you but does no damage.
Casting: Sandblast (safe; 1% risk of failure)
Confirm with . or Enter, or press ? or * to list all spells.
Aiming: Sandblast (safe; 1% risk of failure)
Press: ? - help, Shift-Dir - straight line, f/p - gnoll
Aim: a gnoll, wielding a +0 whip and wearing a +0 scale mail (heavily wounded, 87% to hit)
The blast of sand hits the gnoll.
The gnoll is severely wounded.
The gnoll hits you but does no damage. The gnoll closely misses you.
The gnoll attacks as you move away! The gnoll hits you but does no damage.
The gnoll attacks as you move away! The gnoll hits you with a +0 whip.
* * * LOW HITPOINT WARNING * * *
Casting: Sandblast (safe; 1% risk of failure)
Confirm with . or Enter, or press ? or * to list all spells.
Aiming: Sandblast (safe; 1% risk of failure)
Press: ? - help, Shift-Dir - straight line, f/p - gnoll
Aim: a gnoll, wielding a +0 whip and wearing a +0 scale mail (severely wounded, 87% to hit)
The blast of sand hits the gnoll!
You kill the gnoll!
The gnoll hits you from afar with a +0 spear.
* * * LOW HITPOINT WARNING * * *
The gnoll hits you from afar with a +0 spear.
You die...

# # . .# #####.##.# ##
#########........# #..
..........###...#
#.##########.#.#.....# #.
..................>..# #..
#.##########.###.#...# #.. #.#
#.g)@.##..†......# #..
#.###.###...####...###### .
#..###.....# #...+.##....(...#
####........#####...#.##.#.####.#
.............#......#.##.#.# #..
8....)).#....#.####.#.##.#.# ###
.....##.######.#....÷.##.#.# #
#######......#.#.##.#....#.# #
#.......#.#.#....#.####.# #


You could see a gnoll.

Vanquished Creatures
  8 gnolls
  An adder (D:2)
  4 ball pythons
  A bat (D:1)
  2 endoplasms (D:2)
  2 goblins
  3 hobgoblins (D:1)
  3 kobolds (D:1)
  2 quokkas
  3 frilled lizards
  2 rats
31 creatures vanquished.

Notes
Turn   | Place    | Note
-------+----------+-------------------------------------------
     0 | D:1      | hikkokomori the Gargoyle Earth Elementalist began the quest
                  | for the Orb.
     0 | D:1      | Reached XP level 1. HP: 10/10 MP: 3/3
   352 | D:1      | Reached skill level 4 in Earth Magic
   352 | D:1      | Reached XP level 2. HP: 15/15 MP: 3/5
   821 | D:1      | Found Secivyi's General Store.
   946 | D:2      | Reached XP level 3. HP: 19/19 MP: 3/6
  1189 | D:2      | Reached XP level 4. HP: 16/24 MP: 5/7
  1290 | D:2      | Found Qiob's Book Boutique.
  1302 | D:2      | Learned a level 3 spell: Stone Arrow
  1607 | D:2      | Reached skill level 5 in Earth Magic
  1633 | D:2      | Slain by a gnoll

Illustrated notes

Levels and vault maps discovered:
D:1:      reono_arrival_mine, layout_loops_corners, serial_shops,
          nicolae_shop_hallway_plus
D:2:      layout_basic, serial_shops, shop_statue, nicolae_elevator_lobby_plus

Skill      XL: |  1  2  3  4 |
---------------+-------------+-----
Earth Magic    | 4 5 |  5.0
Stealth        | 3 |  3.4
Dodging        | |  1.5
Spellcasting   | |  2.8
Conjurations   | |  0.8
Transmutations | |  0.7

Action                   |  1- 3 |  4- 6 || total
-------------------------+-------+-------++-------
Melee: Unarmed           |     8 |       ||     8
 Fire: Sling             |     2 |    18 ||    20
 Cast: Sandblast         |    26 |    21 ||    47
Armor: Robe              |       |     9 ||     9
Dodge: Dodged            |     7 |     7 ||    14

Table legend: (Time is in decaauts)
 A = Elapsed time spent in this place.
 B = Non-inter-level travel time spent in this place.
 C = Inter-level travel time spent in this place.
 D = Time resting spent in this place.
 E = Time spent auto-exploring this place.
 F = Levels seen in this place.
 G = Mean time per level.
                   A        B        C        D        E       F      G
               +--------+--------+--------+--------+--------+-----+--------+
         Total |   1663 |   1552 |    111 |      0 |   1344 |   2 |  831.5 |
       Dungeon |   1663 |   1552 |    111 |      0 |   1344 |   2 |  831.5 |
               +--------+--------+--------+--------+--------+-----+--------+

Top non-repeatable levels by time:
     D:1: 1085 daAuts
     D:2: 577 daAuts
